 Dungeon Crawl Stone Soup version 0.30.0-10-gfe55d96785 (webtiles) character file.

Game seed: 17816058552887001825

940 LoNine the Chopper (level 7, -3/94 HPs)
             Began as a Minotaur Fighter on May 14, 2023.
             Slain by an orc
             ... wielding a +0 trident
              (5 damage)
             ... on level 6 of the Dungeon.
             The game lasted 00:16:19 (4613 turns).

LoNine the Chopper (Minotaur Fighter)               Turns: 4613, Time: 00:16:19

Health: -3/94      AC: 23    Str: 23    XL:     7   Next: 88%
Magic:  6/6        EV:  2    Int:  5    God:
Gold:   289        SH:  9    Dex:  9    Spells: 6/6 levels left

rFire   . . .        a - +0 war axe
rCold   . . .        r - +0 kite shield
rNeg    . . .        g - melded +0 chain mail
rPois   +            (helmet currently unavailable)
rElec   .            n - melded +0 cloak
rCorr   .            k - melded +0 pair of gloves
SInv    .            t - melded +0 pair of boots
Will    .....        (no amulet)
Stlth   +            (no ring)
HPRegen 0.35/turn    (no ring)
MPRegen 0.10/turn

%: no passive effects
@: tree-form
A: stationary, stasis, torment immunity, boosted hp, (horns 2), (retaliatory
headbutt)
a: no special abilities


You were on level 6 of the Dungeon.
You were a tree.
You visited 1 branch of the dungeon, and saw 6 of its levels.

You collected 289 gold pieces.

Inventory:

Hand Weapons
 a - a +0 war axe (weapon)
Missiles
 i - 69 stones (quivered)
Armour
 g - a +0 chain mail (melded)
 k - a +0 pair of gloves (melded)
 n - a +0 cloak (melded)
 p - a +0 tower shield
 r - a +0 kite shield (worn)
 t - a +0 pair of boots (melded)
Jewellery
 o - an amulet of magic regeneration
Scrolls
 c - a scroll of poison {unknown}
 h - 6 scrolls of teleportation
 j - a scroll of fear {unknown}
 l - a scroll of magic mapping
 s - a scroll of silence {unknown}
Potions
 b - a potion of ambrosia
 d - a potion of might
 e - a potion of lignification
 f - 2 potions of mutation
 m - a potion of magic {unknown}
 q - a potion of degeneration


   Skills:
 + Level 6.0 Fighting
 * Level 7.1 Axes
 + Level 6.1 Armour
 + Level 6.0 Shields


You had 6 spell levels left.
You didn't know any spells.
Your spell library was empty.

Dungeon Overview and Level Annotations

Branches:
Dungeon (6/15)
 Temple: D:4-7

Altars:

Shops:
D:2 (   D:3 *   D:4 =


Innate Abilities, Weirdness & Mutations

You are a tree.
Your roots penetrate the ground, keeping you stationary.
You cannot be teleported.
You are immune to unholy pain and torment.
Your maximum health is greatly increased.
Your equipment is partially melded.
((You have a pair of horns on your head.))
((You reflexively headbutt those who attack you in melee.))


Message History

You block the orc's attack. You block the iguana's attack.
The iguana bites you but does no damage.
The orc hits you from afar with a +0 trident.
You closely miss the iguana. You headbutt the iguana!
The iguana is severely wounded.
The iguana bites you but does no damage.
The orc hits you from afar with a +0 trident.
You slash the iguana!
You kill the iguana!
The orc barely misses you.
Your Fighting skill increases to level 6!
You hit the ice beast but do no damage. The orc hits you but does no damage.
You block the ice beast's attack.
You slash the ice beast! Your headbutt misses the ice beast.
The ice beast is heavily wounded.
The orc barely misses you. You block the ice beast's attack.
You hit the ice beast but do no damage. Your headbutt misses the ice beast.
The ice beast is heavily wounded.
The orc hits you from afar with a +0 trident.
The ice beast hits you. The ice beast freezes you. The orc barely misses you.
The ice beast hits you. The ice beast freezes you!
* * * LOW HITPOINT WARNING * * *
You hit the ice beast.
You headbutt the ice beast, but do no damage.
The ice beast is severely wounded.
You block the orc's attack. The ice beast hits you.
* * * LOW HITPOINT WARNING * * *
The ice beast freezes you!
* * * LOW HITPOINT WARNING * * *
Really quaff the potion of lignification?
You turn into a tree.
Your +0 cloak melds into your body.
Your +0 pair of gloves melds into your body.
Your +0 pair of boots melds into your body.
Your +0 chain mail melds into your body.
Your roots penetrate the ground.
The orc hits you but does no damage.
The ice beast hits you but does no damage.
You closely miss the ice beast.
The ice beast is severely wounded.
The orc hits you from afar with a +0 trident.
You die...

.# .# .. .# ..## .#
... .# #.. .#
#?.######.###... .
#....#.Y♣.......
...#####..o##.###...
.......#.####.###..
..'...).###.......
.......#...<..##
=..#.##...###..# .
..#....## #..# #..
#..### #..# .. #.#
..#


You could see an ice beast and an orc.

Vanquished Creatures
  Sigmund (D:5)
  A sky beast (D:4)
  An orc warrior (D:6)
  An ogre (D:5)
  A scorpion (D:4)
  3 hounds
  An orc priest (D:4)
  Crazy Yiuf (D:3)
  3 iguanas
  4 gnolls (D:2)
  6 adders
  A white imp (D:5)
  2 ufetubi
  2 worms
  2 dart slugs
  16 orcs
  7 ball pythons
  10 endoplasms
  4 giant cockroaches
  10 hobgoblins
  4 quokkas
  5 bats
  5 frilled lizards
  4 goblins
  7 kobolds
  7 rats (D:1)
109 creatures vanquished.

Notes
Turn   | Place    | Note
-------+----------+-------------------------------------------
     0 | D:1      | LoNine the Minotaur Fighter began the quest for the Orb.
     0 | D:1      | Reached XP level 1. HP: 19/19 MP: 0/0
   150 | D:1      | Reached XP level 2. HP: 27/27 MP: 1/1
   192 | D:1      | Reached skill level 3 in Axes
   286 | D:1      | Found a faded altar of an unknown god.
   574 | D:1      | Reached XP level 3. HP: 33/33 MP: 2/2
   841 | D:2      | Reached XP level 4. HP: 7/40 MP: 3/3
  1068 | D:2      | Found Katurch's Weapon Emporium.
  1535 | D:2      | Reached skill level 4 in Axes
  1699 | D:3      | Found Cehueka's Assorted Antiques.
  1898 | D:3      | Reached XP level 5. HP: 45/47 MP: 4/4
  2486 | D:3      | Found a runed translucent door.
  2487 | D:3      | Noticed Crazy Yiuf
  2780 | D:3      | Killed Crazy Yiuf
  3057 | D:4      | Reached skill level 5 in Axes
  3119 | D:4      | Found Mofaush's Jewellery Shop.
  3126 | D:4      | Noticed a sky beast
  3142 | D:4      | Killed a sky beast
  3143 | D:4      | Reached skill level 5 in Fighting
  3143 | D:4      | Reached skill level 5 in Armour
  3143 | D:4      | Reached skill level 5 in Shields
  3143 | D:4      | Reached XP level 6. HP: 56/56 MP: 5/5
  3700 | D:5      | Entered Level 5 of the Dungeon
  3788 | D:5      | Noticed Sigmund
  3802 | D:5      | Killed Sigmund
  3803 | D:5      | Reached skill level 6 in Axes
  3803 | D:5      | Reached XP level 7. HP: 61/61 MP: 6/6
  4598 | D:6      | Reached skill level 7 in Axes
  4611 | D:6      | HP: 1/63 [ice beast (8)]
  4613 | D:6      | Slain by an orc

Illustrated notes

Levels and vault maps discovered:
D:1:      amcnicky_arrival_blooded_trapdoor, layout_basic,
          basic_ecumenical_altar
D:2:      layout_basic, serial_shops, nicolae_shop_tiny_waterfront
D:3:      layout_loops_ring, serial_rivers, chequers_serial_rivers_small_a,
          chequers_serial_rivers_large_b, chequers_serial_rivers_micro_b,
          chequers_serial_rivers_small_3, chequers_serial_rivers_large_a,
          serial_shops, shop_fountains, uniq_crazy_yiuf_cottage
D:4:      layout_basic, serial_shops, nicolae_shop_waterfront,
          corexii_leaking_fountain
D:5:      layout_loops_ring, kennysheep_generic_room_3, uniq_sigmund
D:6:      layout_rooms, evilmike_ruin_ashenzari, uniq_blork_the_orc, uniq_edmund

Skill      XL: |  1  2  3  4  5  6  7 |
---------------+----------------------+-----
Axes           | 3 4 5 6 7 |  7.1
Fighting       | 4 5 6 |  6.0
Shields        | 4 5 6 |  6.0
Armour         | 4 5 6 |  6.1

Action                     |  1- 3 |  4- 6 |  7- 9 || total
---------------------------+-------+-------+-------++-------
  Melee: War axe           |    70 |   142 |    63 ||   275
         Headbutt          |    14 |    14 |    12 ||    40
  Throw: Stone             |       |     9 |     2 ||    11
    Use: Scroll            |     4 |     4 |       ||     8
         Potion            |       |       |     1 ||     1
 Armour: Scale mail        |     4 |       |       ||     4
         Chain mail        |    29 |    48 |    23 ||   100
         Skin              |       |       |     2 ||     2
  Dodge: Dodged            |    34 |    41 |    21 ||    96
  Block: Buckler           |    13 |    17 |       ||    30
         Kite shield       |       |     2 |    30 ||    32
